 Dungeon Crawl Stone Soup version 0.18.1-5-g4a78601 (webtiles) character file.

270 Geppetto the Magician (level 6, -10/39 HPs)
             Began as a High Elf Skald on May 10, 2016.
             Was a Believer of the Shining One.
             Mangled by ThereIsNoGod's ghost (14 damage)
             ... in an ossuary.
             The game lasted 00:24:27 (3174 turns).

Geppetto the Magician (High Elf Skald)              Turns: 3174, Time: 00:24:27

Health: -10/39     AC:  6    Str: 12    XL:     6   Next: 1%
Magic:  1/13       EV: 11    Int: 17    God:    the Shining One [**....]
Gold:   142        SH:  0    Dex: 15    Spells: 4 memorised, 5 levels left

rFire  . . .     SeeInvis .     j - +2 short sword (freeze)
rCold  . . .     Gourm    .     b - +2 leather armour
rNeg   + . .     Faith    .     (no shield)
rPois  .         Spirit   .     i - +0 helmet
rElec  .         Dismiss  .     (no cloak)
rCorr  .         Reflect  .     (no gloves)
SustAt .         Harm     .     (no boots)
MR     .....                    (no amulet)
Stlth  +.........               (no ring)
                                (no ring)

@: about to teleport, very slightly contaminated, glowing, not resistant to
hostile enchantments, very unstealthy
A: no striking features
a: Divine Shield, Renounce Religion


You were in an ossuary.
You worshipped the Shining One.
The Shining One was pleased with you.
You were not hungry.

You visited 1 branch of the dungeon, and saw 4 of its levels.
You also visited: Ossuary.

You collected 142 gold pieces.

Inventory:

Hand Weapons
 a - a +0 falchion
 j - a +2 short sword of freezing (weapon)
Armour
 b - a +2 leather armour (worn)
 i - a +0 helmet (worn)
Potions
 e - a potion of might {unknown}
 g - 2 potions of heal wounds
 k - 2 potions of curing
 l - a potion of lignification {unknown}
Books
 c - a book of Battle

   Spells                             Type                      Level
   a - Infusion                       Charms                       1
   b - Shroud of Golubria             Charms/Translocation         2
   c - Song of Slaying                Charms                       2
   d - Spectral Weapon                Hexes/Charms                 3
   e - Regeneration                   Charms/Necromancy            3
Comestibles
 d - 4 bread rations
 h - a beef jerky
 m - a meat ration
 n - a fruit


   Skills:
 - Level 2.0 Fighting
 + Level 2.0(3.2) Short Blades
 - Level 3.9(4.1) Long Blades
 - Level 0.8 Armour
 - Level 1.1 Dodging
 + Level 4.1 Spellcasting
 - Level 4.0 Charms
 * Level 3.8 Translocations


You had 5 spell levels left.
You knew the following spells:

 Your Spells              Type           Power        Failure   Level  Hunger
a - Infusion              Chrm           ###.         4%          1    None
b - Shroud of Golubria    Chrm/Tloc      ###.......   10%         2    ##.....
c - Song of Slaying       Chrm           ###.....     8%          2    ##.....
d - Spectral Weapon       Hex/Chrm       ##......     28%         3    ###....


Dungeon Overview and Level Annotations

Branches:
Dungeon (4/15)
 Temple: D:4-7

Altars:
Qazlal
Xom
Yredelemnul
The Shining One

Annotations:
Ossuary ThereIsNoGod's ghost, amateur GrFi


Message History

ThereIsNoGod's ghost is severely damaged.
Your spectral weapon hits ThereIsNoGod's ghost but does no damage.
ThereIsNoGod's ghost barely misses your spectral weapon.
The kobold zombie hits you but does no damage.
The elf zombie hits your spectral weapon.
Your spectral weapon shares its damage with you!
Your spectral weapon fades away.
ThereIsNoGod's ghost turns its malevolent gaze towards you.
Casting: Shroud of Golubria
Confirm with . or Enter, or press ? or * to list all spells.
You miscast Shroud of Golubria.
You are very lightly contaminated with residual magic.
Nothing appears to happen.
ThereIsNoGod's ghost hits you!
* * * LOW HITPOINT WARNING * * *
The kobold zombie hits you but does no damage.
A mummy comes into view.
Read which item? (? for menu, Esc to quit)
As you read the scroll of teleportation, it crumbles to dust.
You feel strangely unstable. ThereIsNoGod's ghost hits you!
You die...

####################
#...................
#...................
#........8..8Z......
#..........Z@Z.Z....
#...######.W######..
#...# #ZM# #...#
#ZZ# #...# #.Z#
#...# ..M. #...#
....## #...# ....#
#...#


You could see 2 mummies, ThereIsNoGod's ghost, an adder zombie, a rat zombie, 2
kobold zombies, an orc zombie, 2 elf zombies and a centaur zombie.

Vanquished Creatures
  A phantom (D:4)
  A worker ant (D:4)
  7 adders
  2 oozes
  A worm (D:2)
  2 dart slugs (D:1)
  A giant gecko (D:2)
  2 orcs (D:3)
  3 giant cockroaches
  8 goblins
  10 hobgoblins
  6 jackals
  8 kobolds
  10 bats
  6 giant newts
  4 hobgoblin zombies (Ossuary)
  4 kobold zombies (Ossuary)
  6 orc zombies (Ossuary)
  11 rats
93 creatures vanquished.

Vanquished Creatures (others)
  A spectral weapon (Ossuary)
1 creature vanquished.

Grand Total: 94 creatures vanquished

Notes
Turn   | Place    | Note
--------------------------------------------------------------
     0 | D:1      | Geppetto the High Elf Skald began the quest for the Orb.
     0 | D:1      | Reached XP level 1. HP: 14/14 MP: 4/4
   307 | D:1      | Reached XP level 2. HP: 19/19 MP: 2/6
   433 | D:1      | Learned a level 2 spell: Shroud of Golubria
   624 | D:1      | Reached skill level 1 in Translocations
   624 | D:1      | Reached XP level 3. HP: 18/24 MP: 1/8
   905 | D:2      | Found a glowing golden altar of the Shining One.
   941 | D:2      | Became a worshipper of the Shining One
  1084 | D:2      | Found a basalt altar of Yredelemnul.
  1402 | D:2      | Reached XP level 4. HP: 29/29 MP: 4/9
  1457 | D:2      | Found a stormy altar of Qazlal.
  1752 | D:2      | Learned a level 2 spell: Song of Slaying
  1756 | D:2      | Learned a level 3 spell: Spectral Weapon
  2320 | D:3      | Reached XP level 5. HP: 26/34 MP: 8/11
  2538 | D:3      | Reached skill level 1 in Short Blades
  2636 | D:3      | Found a shimmering altar of Xom.
  2811 | D:4      | Noticed a phantom
  2835 | D:4      | Killed a phantom
  3093 | D:4      | Found a sand-covered staircase.
  3099 | Ossuary  | Entered an ossuary
  3108 | Ossuary  | Reached * piety under the Shining One
  3135 | Ossuary  | Reached XP level 6. HP: 39/39 MP: 6/13
  3152 | Ossuary  | Reached ** piety under the Shining One
  3153 | Ossuary  | Noticed ThereIsNoGod's ghost (amateur GrFi)
  3174 | Ossuary  | Mangled by ThereIsNoGod's ghost

Skill      XL: |  1  2  3  4  5 |
---------------+----------------+-----
Charms         | 4 |  4.0
Long Blades    | 3 |  3.9
Translocations | 1 2 3 |  3.8
Spellcasting   | 3 4 |  4.1
Short Blades   | 2 |  2.0
Fighting       | |  2.0
Armour         | |  0.8
Dodging        | |  1.1

Action                   |  1- 3 |  4- 6 || total
-------------------------+-------+-------++-------
Melee: Falchion          |    92 |    61 ||   153
       Short sword       |       |    99 ||    99
 Cast: Infusion          |    21 |     6 ||    27
       Shroud of Golubri |     5 |    17 ||    22
       Song of Slaying   |       |     7 ||     7
       Spectral Weapon   |       |     3 ||     3
  Use: Scroll            |     6 |     7 ||    13
  Eat: Chunk             |     2 |     7 ||     9
Armor: Leather armour    |    32 |    55 ||    87
Dodge: Dodged            |    62 |   115 ||   177
